 Dungeon Crawl Stone Soup version 0.22-a0-348-gd16d1391c7 (webtiles) character file.

394 Laan the Magician (level 6, -6/41 HPs)
             Began as a Mummy Wizard on Apr 9, 2018.
             Was an Initiate of Vehumet.
             Mangled by Menkaure (14 damage)
             ... on level 5 of the Dungeon.
             The game lasted 00:10:06 (6109 turns).

Laan the Magician (Mummy Wizard)                    Turns: 6109, Time: 00:10:07

Health: -6/41      AC:  5    Str: 14    XL:     6   Next: 52%
Magic:  9/15       EV: 12    Int: 19    God:    Vehumet [......]
Gold:   204        SH:  0    Dex: 10    Spells: 10/17 levels left

rFire    x . .     SeeInvis .   i - +0 dagger (drain)
rCold    + . .     Gourm    .   (no shield)
rNeg     + + +     Faith    .   a - +0 robe
rPois    ∞         Spirit   .   j - +1 helmet
rElec    .         Reflect  .   q - +0 cloak
rCorr    .         Harm     .   (no gloves)
MR       .....                  (no boots)
Stlth    ++........             (no amulet)
HPRegen  0.13/turn              h - +3 ring of strength
MPRegen  0.14/turn              (no ring)

@: no status effects
A: no food or potions, fire vulnerability, cold resistance 1, negative energy
resistance 3, torment resistance, unbreathing
a: Renounce Religion


You were on level 5 of the Dungeon.
You worshipped Vehumet.
Vehumet was noncommittal.
You were not hungry.

You visited 2 branches of the dungeon, and saw 6 of its levels.

You collected 204 gold pieces.

Inventory:

Hand Weapons
 f - a +0 dagger
 i - a +0 dagger of draining (weapon)
 p - a +4 quarterstaff of chaos
Armour
 a - a +0 robe (worn)
 j - a +1 helmet (worn)
 q - a +0 cloak (worn)
Magical Staves
 m - an uncursed staff of summoning
Jewellery
 h - a +3 ring of strength (left hand)
Wands
 l - a wand of scattershot (6)
Scrolls
 b - a scroll of fear {unknown}
 c - a scroll of enchant weapon {unknown}
 d - 3 scrolls of identify {unknown}
 e - 5 scrolls of remove curse
 g - 2 scrolls of magic mapping {unknown}
 k - 2 scrolls of immolation {unknown}
 n - a scroll of blinking {unknown}
 o - a scroll of teleportation {unknown}


   Skills:
 - Level 1.5 Dodging
 - Level 1.5 Stealth
 + Level 6.1 Spellcasting
 * Level 4.6 Conjurations
   Level 0.7 Summonings
   Level 0.7 Translocations


You had 10 spell levels left.
You knew the following spells:

 Your Spells              Type           Power        Failure   Level  Hunger
a - Magic Dart            Conj           ###.         1%          1    N/A
b - Mephitic Cloud        Conj/Pois/Air  ##......     19%         3    N/A
c - Conjure Flame         Conj/Fire      ##......     13%         3    N/A

Dungeon Overview and Level Annotations

Branches:
Dungeon (5/15)             Temple (1/1) D:4

Altars:
Cheibriados
Dithmenos
Elyvilon
Fedhas
Gozag
Hepliaklqana
Kikubaaqudgha
Makhleb
Nemelex Xobeh
Okawaru
Qazlal
Ru
Sif Muna
Trog
Uskayaw
Vehumet
Wu Jian
Xom
Yredelemnul
Zin
The Shining One

Annotations:
D:5 Menkaure


Innate Abilities, Weirdness & Mutations

You do not eat or drink.
Your flesh is vulnerable to fire.
You are immune to poison.
Your flesh is cold resistant. (rC+)
You are immune to negative energy. (rN+++)
You are immune to unholy pain and torment.
You can survive without breathing.


Message History

The magic dart hits Menkaure.
Menkaure is heavily damaged.
Casting: Magic Dart (safe; 1% risk of failure)
Confirm with . or Enter, or press ? or * to list all spells.
Aiming: Magic Dart (safe; 1% risk of failure)
Press: ? - help, Shift-Dir - straight line, f/p - Menkaure
Aim: Menkaure (heavily damaged)
The magic dart hits Menkaure.
Menkaure is severely damaged.
Menkaure hits you!
* * * LOW HITPOINT WARNING * * *
Casting: Magic Dart (safe; 1% risk of failure)
Confirm with . or Enter, or press ? or * to list all spells.
Aiming: Magic Dart (safe; 1% risk of failure)
Press: ? - help, Shift-Dir - straight line, f/p - Menkaure
Aim: Menkaure (severely damaged)
The magic dart hits Menkaure.
Menkaure is severely damaged.
Menkaure hits you!
You die...

#.#
#.#
#.#
#.#
#.#
#.#
#.#
#@#
#M#
#..
....
.###.
#. ..
#. ..
#. ..


You could see Menkaure.

Vanquished Creatures
  An ogre (D:4)
  Crazy Yiuf (D:4)
  An iguana (D:4)
  Ijyb (D:3)
  A worker ant (D:3)
  A howler monkey skeleton (D:4)
  7 adders
  5 oozes
  A worm (D:2)
  4 dart slugs
  7 leopard geckos
  2 orcs (D:3)
  A ball python (D:4)
  6 giant cockroaches
  13 goblins
  7 hobgoblins
  4 jackals (D:3)
  7 quokkas
  5 bats
  6 frilled lizards
  6 kobolds
  A quokka skeleton (D:4)
  14 rats
102 creatures vanquished.

Notes
Turn   | Place    | Note
-------+----------+-------------------------------------------
     0 | D:1      | Laan the Mummy Wizard began the quest for the Orb.
     0 | D:1      | Reached XP level 1. HP: 13/13 MP: 5/5
    38 | D:1      | Reached skill level 1 in Conjurations
   337 | D:1      | Reached XP level 2. HP: 19/19 MP: 4/7
  1573 | D:2      | Reached XP level 3. HP: 11/24 MP: 1/9
  2485 | D:2      | Reached XP level 4. HP: 30/30 MP: 5/10
  2784 | D:2      | Reached skill level 5 in Spellcasting
  2854 | D:2      | Found a white marble altar of Elyvilon.
  2856 | D:2      | Found a snail-covered altar of Cheibriados.
  3033 | D:2      | Found a bloodstained altar of Trog.
  3613 | D:3      | Learned a level 3 spell: Mephitic Cloud
  3617 | D:3      | Learned a level 3 spell: Conjure Flame
  3870 | D:3      | Reached XP level 5. HP: 11/35 MP: 0/12
  4250 | D:3      | Found a faded altar of an unknown god.
  4451 | D:3      | Noticed Ijyb
  4463 | D:3      | Killed Ijyb
  4887 | D:4      | Noticed an ogre
  4901 | D:4      | Killed an ogre
  4901 | D:4      | Reached XP level 6. HP: 41/41 MP: 1/14
  5094 | D:4      | Found a shimmering altar of Xom.
  5104 | D:4      | Found a staircase to the Ecumenical Temple.
  5109 | Temple   | Entered the Ecumenical Temple
  5269 | Temple   | Became a worshipper of Vehumet
  5470 | D:4      | Found a runed door.
  5474 | D:4      | Noticed Crazy Yiuf
  5480 | D:4      | Killed Crazy Yiuf
  5480 | D:4      | Reached skill level 6 in Spellcasting
  6102 | D:5      | Entered Level 5 of the Dungeon
  6102 | D:5      | Noticed Menkaure
  6109 | D:5      | Mangled by Menkaure

Vault maps used:
D:1:      roderic_octagonal_star, minmay_hedge_maze
D:2:      wad_woods_stonehenge, minitemple, hangedman_abyss_or_decor_stabs
D:3:      cheibrodos_helix_gallery, chequers_ecumenical_altar_simple_redux,
          first_ration, uniq_ijyb
D:4:      kennysheep_mini, temple_doors_e, uniq_crazy_yiuf_cottage
D:5:      nicolae_ossuary_entry_giza, uniq_menkaure, uniq_prince_ribbit1
Temple:   dpeg_five_rooms_temple

Skill      XL: |  1  2  3  4  5  6 |
---------------+-------------------+-----
Conjurations   | 1 2 3 4 |  4.6
Spellcasting   | 5 6 |  6.1
Dodging        | |  1.5
Stealth        | |  1.5
Summonings     | |  0.7
Translocations | |  0.7

Action                   |  1- 3 |  4- 6 || total
-------------------------+-------+-------++-------
Melee: Unarmed           |     8 |       ||     8
       Dagger            |     8 |    20 ||    28
 Cast: Magic Dart        |   106 |   187 ||   293
       Conjure Flame     |       |     3 ||     3
       Mephitic Cloud    |       |     1 ||     1
  Use: Scroll            |       |     1 ||     1
 Stab: Sleeping          |       |     1 ||     1
       Confused          |       |     2 ||     2
Armor: Robe              |     9 |     7 ||    16
Dodge: Dodged            |    29 |    25 ||    54

Table legend:
 A = Spawn XP
 B = Non-spawn XP
 C = Spawn XP percentage of total XP
 D = Spawn monster count
 E = Non-spawn monster count
 F = Spawn count percentage of total count
 G = Total turns spent on level
                    A         B        C        D         E        F      G
               +---------+---------+-------+---------+---------+-------+---------
         Total |       0 |     564 |   0.0 |       0 |     102 |   0.0 |  6109
               +---------+---------+-------+---------+---------+-------+---------
           D:1 |       0 |      38 |   0.0 |       0 |      22 |   0.0 |  1850
           D:2 |       0 |     116 |   0.0 |       0 |      30 |   0.0 |  1524
           D:3 |       0 |     182 |   0.0 |       0 |      38 |   0.0 |  1464
           D:4 |       0 |     228 |   0.0 |       0 |      12 |   0.0 |  1074
               +---------+---------+-------+---------+---------+-------+---------
